 Dungeon Crawl Stone Soup version 0.21-a0-434-g806c6c2 (webtiles) character file.

12 HAL9000 the Chucker (level 2, -1/31 HPs)
             Began as an Ogre Hunter on Nov 8, 2017.
             Slain by Sigmund
             ... wielding a +2 scythe of slicing
              (10 damage)
             ... on level 2 of the Dungeon.
             The game lasted 00:00:42 (705 turns).

HAL9000 the Chucker (Ogre Hunter)                    Turns: 705, Time: 00:00:43

Health: -1/31      AC:  3    Str: 15    XL:     2   Next: 33%
Magic:  2/2        EV: 10    Int: 12    God:
Gold:   31         SH:  0    Dex:  9    Spells: 1/1 levels left

rFire    . . .     SeeInvis .   a - +0 short sword
rCold    . . .     Gourm    .   (no shield)
rNeg     . . .     Faith    .   b - +0 robe
rPois    .         Spirit   .   (helmet restricted)
rElec    .         Reflect  .   (no cloak)
rCorr    .         Harm     .   (gloves unavailable)
MR       .....                  (boots unavailable)
Stlth    +.........             (no amulet)
HPRegen  0.10/turn              (no ring)
MPRegen  0.08/turn              (no ring)

@: no status effects
A: unfitting armour, tough skin 1
a: no special abilities


You were on level 2 of the Dungeon.
You were not hungry.

You visited 1 branch of the dungeon, and saw 2 of its levels.

You collected 31 gold pieces.

Inventory:

Hand Weapons
 a - a +0 short sword (weapon)
Missiles
 c - a large rock (quivered)
 d - 2 throwing nets
Armour
 b - a +0 robe (worn)
Scrolls
 h - a scroll of remove curse {unknown}
 j - a scroll of teleportation {unknown}
 k - a scroll of recharging {unknown}
 l - a scroll of blinking {unknown}
 m - a scroll of enchant weapon {unknown}
 n - a scroll of fear {unknown}
Potions
 o - 4 potions of curing {unknown}
 p - a potion of haste {unknown}
Comestibles
 f - 2 bread rations
 g - 4 fruits
 i - a meat ration


   Skills:
 + Level 3.3 Fighting
 - Level 4.0 Throwing
 + Level 2.2 Dodging
 - Level 0.6 Stealth


You had one spell level left.
You didn't know any spells.

Dungeon Overview and Level Annotations

Branches:
Dungeon (2/15)

Altars:

Annotations:
D:2 Sigmund


Innate Abilities, Weirdness & Mutations

You are too large for most types of armour.
You have tough skin. (AC +1)


Message History

Sigmund casts a spell at you.
You are confused.
Sigmund barely misses you.
A rat comes into view.
Throwing (i - inventory. (,) - cycle):
c - 2 large rocks (quivered)
Press: ? - help, Shift-Dir - straight line, f/p - Sigmund
Aim: Sigmund, wielding a scythe of slicing and wearing a robe You throw a large rock.
The goblin hits you but does no damage.
Sigmund hits you from afar with a scythe of slicing!
The goblin hits you.
You see here a large rock.
You bump into the rock wall.
The goblin barely misses you. The goblin hits you but does no damage.
Sigmund hits you with a scythe of slicing.
* * * LOW HITPOINT WARNING * * *
The goblin closely misses you.
You see here a large rock.
You feel less confused.
Sigmund hits you from afar with a scythe of slicing!
You die...

#.##........(
###..#.........
.....#.........
.............
#...!......
#.r........
##@####......#
#..# #......#
##@###......#
#[.##......#
##.##......#
#..#......##
##.#........
#..........
##.........
#.........
#...#.#.$.


You could see Sigmund and a rat.

Vanquished Creatures
  2 dart slugs (D:1)
  2 bats
  A giant cockroach (D:1)
  3 kobolds
  A rat (D:1)
9 creatures vanquished.

Notes
Turn   | Place    | Note
-------+----------+-------------------------------------------
     0 | D:1      | HAL9000 the Ogre Hunter began the quest for the Orb.
     0 | D:1      | Reached XP level 1. HP: 22/22 MP: 1/1
   359 | D:1      | Reached XP level 2. HP: 29/31 MP: 2/2
   695 | D:2      | Noticed Sigmund
   705 | D:2      | Slain by Sigmund

Vault maps used:
D:1:      scummos_arrival_star, corexii_item_surrounded_by_moat
D:2:      uniq_robin, uniq_sigmund

Skill      XL: |  1 |
---------------+----+-----
Fighting       | 3 |  3.3
Dodging        | 2 |  2.2
Throwing       | |  4.0
Stealth        | |  0.6

Action                   || total
-------------------------++-------
Melee: Short sword       ||    30
Throw: Large rock        ||     4
Armor: Robe              ||    10
Dodge: Dodged            ||    19

Table legend:
 A = Spawn XP
 B = Non-spawn XP
 C = Spawn XP percentage of total XP
 D = Spawn monster count
 E = Non-spawn monster count
 F = Spawn count percentage of total count
 G = Total turns spent on level
                    A         B        C        D         E        F      G
               +---------+---------+-------+---------+---------+-------+---------
         Total |       0 |      18 |   0.0 |       0 |       9 |   0.0 |   705
               +---------+---------+-------+---------+---------+-------+---------
           D:1 |       0 |      15 |   0.0 |       0 |       7 |   0.0 |   631
           D:2 |       0 |       3 |   0.0 |       0 |       2 |   0.0 |    74
               +---------+---------+-------+---------+---------+-------+---------
